 Dungeon Crawl Stone Soup version 0.31-a0-489-g282fc92437 (webtiles) character file.

Game seed: 3983294544052001795

11651 Ethylacetat the Covert (level 11, -1/84 HPs)
             Began as an Octopode Gladiator on Aug 8, 2023.
             Was a High Priest of Jiyva.
             Slain by a six-headed hydra (8 damage)
             ... on level 2 of the Lair of Beasts.
             The game lasted 00:20:02 (7096 turns).

Ethylacetat the Covert (Octopode Gladiator)         Turns: 7096, Time: 00:20:03

Health: -1/84      AC:  1    Str: 11    XL:     11   Next: 81%
Magic:  0/30       EV: 20    Int:  9    God:    Jiyva [*****.]
Gold:   565        SH:  8    Dex: 26    Spells: 24/24 levels left

rFire   + . .        a - +0 rapier
rCold   + . .        e - +1 buckler
rNeg    . . .        b - +0 hat
rPois   +            l - amulet of guardian spirit
rElec   +            p - ring of flight
rCorr   +            y - ring of magical power
SInv    .            (no ring)
Will    +....        (no ring)
Stlth   +++++++      (no ring)
HPRegen 1.78/turn    (no ring)
MPRegen 0.67/turn    (no ring)
                     (no ring)

%: guardian spirit
@: resistant, calling ooze, enlightened, flying
A: almost no armour, amphibious, 8 rings, camouflage 2, gelatinous body 1,
(nimble swimmer 1), tentacles, agile 2, robust 1, electricity resistance, acidic
bite, jelly absorbing missiles
a: Renounce Religion, Oozemancy, Slimify


You were on level 2 of the Lair of Beasts.
You worshipped Jiyva.
Jiyva was extremely pleased with you.
You visited 2 branches of the dungeon, and saw 10 of its levels.
You also visited: Sewer and Ossuary.

You collected 1215 gold pieces.
You spent 650 gold pieces at shops.

Inventory:

Hand Weapons
 a - a +0 rapier (weapon)
 n - a +0 whip of venom
 K - the +7 arbalest of Lies {drain, Str+2 Int+5 Stlth+}
   (You found it on level 1 of the Lair of Beasts)

   Str:       It affects your strength (+2).
   Int:       It affects your intelligence (+5).
   Stlth:     It makes you more stealthy.
Missiles
 c - 3 throwing nets (quivered)
 d - 9 javelins
 F - a curare-tipped dart
Armour
 b - a +0 hat (worn)
 e - a +1 buckler (worn)
Jewellery
 l - an amulet of guardian spirit (around mantle)
 p - a ring of flight (left tentacle)
 y - a ring of magical power (right tentacle)
 C - an amulet of regeneration
 J - a ring of positive energy
Wands
 G - a wand of digging (4)
 I - a wand of polymorph (10)
Scrolls
 f - 2 scrolls of enchant armour
 h - a scroll of immolation
 k - a scroll of revelation
 o - a scroll of fog
 u - a scroll of amnesia
 x - a scroll of teleportation {unknown}
 D - a scroll of brand weapon {unknown}
 E - a scroll of noise {unknown}
 H - a scroll of blinking {unknown}
Potions
 g - a potion of enlightenment
 j - a potion of magic
 m - 3 potions of invisibility
 q - a potion of mutation
 s - 3 potions of heal wounds {unknown}
 t - 3 potions of degeneration {unknown}
 v - 2 potions of brilliance {unknown}
 w - a potion of might {unknown}
 z - a potion of haste {unknown}
 A - a potion of ambrosia {unknown}
 B - 3 potions of curing {unknown}
 L - a potion of lignification {unknown}


   Skills:
 + Level 8.2 Fighting
 - Level 3.2 Short Blades
 - Level 4.4 Maces & Flails
 * Level 2.9 Ranged Weapons
 - Level 2.0 Throwing
 + Level 8.6 Dodging
 + Level 11.1 Stealth
 + Level 7.7 Shields
 + Level 7.0 Spellcasting


You had 24 spell levels left.
You didn't know any spells.
Your spell library was empty.

Dungeon Overview and Level Annotations

Branches:
Dungeon (8/15)             Temple (0/1) D:4            Lair (2/5) D:8
  Sewer (visited)         Ossuary (visited)
  Swamp: Lair:2-3    Shoals: Lair:2-3     Snake: Lair:2-3    Spider: Lair:2-3

Altars:
Makhleb
Jiyva

Shops:
D:4 =   D:7 (


Innate Abilities, Weirdness & Mutations

You cannot wear most types of armour.
You are amphibious.
You can wear up to eight rings at the same time.
Your skin blends seamlessly with your surroundings (Stealth++).
Your rubbery body absorbs attacks. (AC +1, EV +1)
((You are camouflaged when in or above water. (Stealth+)))
You have tentacles for arms and can constrict up to eight enemies at once.
You are very agile. (Dex +8, Str/Int -2)
You are robust. (+10% HP)
You are resistant to electric shocks. (rElec)
You have acidic saliva.
You have a small jelly attached to you that may absorb projectiles.


Message History

Your Spellcasting skill increases to level 7!
The walls burn the six-headed hydra!
The walls burn the six-headed hydra!
You hit the six-headed hydra. You squeeze the six-headed hydra.
The six-headed hydra is heavily wounded.
The walls burn the six-headed hydra!
The six-headed hydra bites you! The six-headed hydra bites you.
The six-headed hydra completely misses you.
You block the six-headed hydra's attack.
The six-headed hydra closely misses you.
You block the six-headed hydra's attack.
You completely miss the six-headed hydra.
You tentacle-slap the six-headed hydra. You squeeze the six-headed hydra.
The six-headed hydra is heavily wounded.
The walls burn the six-headed hydra!
The six-headed hydra completely misses you.
The six-headed hydra bites you! x2
The six-headed hydra closely misses you.
The six-headed hydra bites you!
You block the six-headed hydra's attack.
You hit the six-headed hydra but do no damage.
You bite the six-headed hydra. You squeeze the six-headed hydra!
The six-headed hydra is severely wounded.
The walls burn the six-headed hydra!
You block the six-headed hydra's attack.
The six-headed hydra closely misses you.
The six-headed hydra bites you! The six-headed hydra barely misses you.
You block the six-headed hydra's attack.
The six-headed hydra bites you!
* * * LOW HITPOINT WARNING * * *
You hit the six-headed hydra but do no damage.
The six-headed hydra is almost dead.
The walls burn the six-headed hydra!
The six-headed hydra misses you. The six-headed hydra bites you!
* * * LOW HITPOINT WARNING * * *
The six-headed hydra barely misses you. The six-headed hydra bites you.
* * * LOW HITPOINT WARNING * * *
You block the six-headed hydra's attack.
The six-headed hydra bites you!
You die...

##..............#.......#...#.##.
##.............###..##.....##....
..#P......#.....##..#..##.#....##
<..............##..#...#.......#.
...................##...#.P.#..##
##....####......#######.#.#.#..##
P##...# .#.....## ..#...#.#..## #
#P.#.........### .##...P..#.#P #
...#..##P#....@###..#..........
.##.P #####.....D...##..........
.. ... #........##..##.#..... .
...........##...#..###.....## .
...#...#.#.................##
.P..J..............#######..#
.###.######.#..## ##.## ##
####... #..# .## ##.#


You could see a six-headed hydra.

Vanquished Creatures
  A hydra (Lair:2)
  A catoblepas (Lair:1)
  Pikel (D:4)
  A deep elf zephyrmancer (D:8)
  A cyclops (D:8)
  3 black mambas
  A torpor snail (Lair:1)
  4 cane toads
  A rime drake (D:8)
  A komodo dragon (Lair:1)
  A polar bear (D:8)
  The ghost of psellion the Grasshopper, an amateur OpWr (D:4)
  2 yaks (Lair:1)
  2 basilisks
  8 water moccasins
  A sky beast (D:5)
  11 ice beasts
  A black bear (D:6)
  3 wolves (D:8)
  2 centaurs
  4 lemures (D:4)
  A phantom (D:4)
  2 kobold brigands
  12 bullfrogs
  4 scorpions
  A water moccasin zombie (Ossuary)
  2 necrophages
  A centaur zombie (D:4)
  3 hounds
  Crazy Yiuf (D:7)
  A bullfrog skeleton (D:4)
  2 orc priests
  A sleepcap (D:4)
  2 iguanas
  An orc wizard (D:8)
  A hound skeleton (D:7)
  2 mummies (Ossuary)
  3 gnolls (D:7)
  7 adders
  A howler monkey skeleton (D:4)
  7 adder zombies (Ossuary)
  2 dart slugs (D:1)
  13 orcs
  8 ball pythons
  7 bats
  An endoplasm (D:1)
  12 giant cockroaches
  2 gnoll zombies (Ossuary)
  4 goblins
  10 hobgoblins
  2 jackals (D:2)
  3 quokkas (Sewer)
  11 frilled lizards
  4 hobgoblin zombies (Ossuary)
  11 kobolds
  6 kobold zombies (Ossuary)
  2 orc zombies (Ossuary)
  A quokka zombie (D:5)
  8 rats
  A rat zombie (D:5)
214 creatures vanquished.

Vanquished Creatures (collateral kills)
  Maurice (D:8)
  2 komodo dragons
  A wolf (D:8)
  A bullfrog (Lair:1)
  An orc wizard (D:8)
  2 orcs (D:8)
8 creatures vanquished.

Vanquished Creatures (others)
  A water moccasin (Lair:1)
  A kobold brigand (D:7)
  A bullfrog (Sewer)
  A water moccasin skeleton (D:4)
  10 jellies
  An orc wizard (D:4)
  Robin (D:2)
  3 gnolls (D:2)
  8 adders
  3 orcs
  7 endoplasms
  3 giant cockroaches (Sewer)
  6 goblins (D:2)
  3 hobgoblins (D:2)
  A jackal (D:2)
  5 kobolds
  2 quokkas (Sewer)
  8 ball pythons
  A bat (D:3)
  A butterfly (D:4)
67 creatures vanquished.

Grand Total: 289 creatures vanquished

Notes
Turn   | Place    | Note
-------+----------+-------------------------------------------
     0 | D:1      | Ethylacetat the Octopode Gladiator began the quest for the
                  | Orb.
     0 | D:1      | Reached XP level 1. HP: 14/14 MP: 1/1
    99 | D:1      | Reached skill level 1 in Stealth
    99 | D:1      | Reached XP level 2. HP: 17/19 MP: 2/2
   198 | D:1      | Found a faded altar of an unknown god.
   277 | D:1      | Prayed at the altar of an unknown god.
   277 | D:1      | Became a worshipper of Jiyva Juer the Shapeless
   277 | D:1      | Reached * piety under Jiyva
   458 | D:1      | Reached XP level 3. HP: 22/24 MP: 1/3
   830 | D:2      | Reached skill level 1 in Shields
   845 | D:2      | Killed Robin
   896 | D:2      | Reached skill level 2 in Stealth
   896 | D:2      | Reached XP level 4. HP: 30/30 MP: 4/4
   928 | D:2      | Reached ** piety under Jiyva
  1491 | D:3      | Reached skill level 1 in Maces & Flails
  1582 | D:3      | Reached *** piety under Jiyva
  1917 | D:4      | Found a staircase to the Ecumenical Temple.
  1940 | D:4      | Found a transporter.
  1943 | D:4      | Found a transporter.
  1943 | D:4      | Noticed psellion's ghost (amateur OpWr)
  1964 | D:4      | Gained mutation: Your melee attacks may engulf your foes in
                  | ooze. [Jiyva's grace]
  1964 | D:4      | Gained mutation: Your pliable body absorbs attacks. (AC +2,
                  | EV +2) [Jiyva's grace]
  1964 | D:4      | Gained mutation: Your gelatinous body deflects attacks. (AC
                  | +3, EV +3) [Jiyva's grace]
  1964 | D:4      | Gained mutation: Your system is resistant to poisons.
                  | (rPois) [Jiyva's grace]
  2056 | D:4      | Found Zuetaynt's Jewellery Boutique.
  2088 | D:4      | Reached skill level 1 in Spellcasting
  2096 | D:4      | Reached XP level 5. HP: 36/36 MP: 6/6
  2115 | D:4      | Found a glowing drain.
  2131 | Sewer    | Entered a sewer
  2200 | Sewer    | Reached **** piety under Jiyva
  2304 | Sewer    | Reached skill level 3 in Stealth
  2304 | Sewer    | Reached XP level 6. HP: 41/42 MP: 6/8
  2565 | D:4      | Noticed Pikel
  2590 | D:4      | Killed Pikel
  2591 | D:4      | Reached skill level 4 in Stealth
  2591 | D:4      | Reached XP level 7. HP: 44/48 MP: 8/11
  2637 | D:4      | Reached skill level 5 in Stealth
  2637 | D:4      | Reached XP level 8. HP: 54/54 MP: 12/12
  3155 | D:4      | Reached ***** piety under Jiyva
  3222 | D:4      | Killed psellion's ghost
  3223 | D:4      | Reached skill level 5 in Dodging
  3248 | D:5      | Entered Level 5 of the Dungeon
  3251 | D:5      | Identified a scroll of acquirement
  3251 | D:5      | Acquired 813 gold pieces
  3317 | D:5      | Found a sand-covered staircase.
  3335 | Ossuary  | Entered an ossuary
  3621 | D:5      | Reached skill level 6 in Stealth
  3769 | D:5      | Lost mutation: Your melee attacks may engulf your foes in
                  | ooze. [Jiyva's grace]
  3769 | D:5      | Gained mutation: You have acidic saliva. [Jiyva's grace]
  3769 | D:5      | Gained mutation: You are covered in slimy tendrils that may
                  | disarm your opponents. [Jiyva's grace]
  3769 | D:5      | Gained mutation: You are resistant to electric shocks.
                  | (rElec) [Jiyva's grace]
  3769 | D:5      | Gained mutation: You have a small jelly attached to you
                  | that may absorb projectiles. [Jiyva's grace]
  4037 | D:6      | Reached skill level 5 in Fighting
  4055 | D:6      | Reached XP level 9. HP: 36/61 MP: 8/14
  4304 | D:4      | Bought a ring of magical power for 260 gold pieces
  4304 | D:4      | Bought an amulet of regeneration for 390 gold pieces
  4742 | D:7      | Found Denoc's Weapon Shoppe.
  4803 | D:7      | Reached skill level 7 in Stealth
  4854 | D:7      | Found a burning altar of Makhleb.
  5206 | D:7      | Found a runed translucent door.
  5207 | D:7      | Noticed Crazy Yiuf
  5215 | D:7      | Killed Crazy Yiuf
  5276 | D:8      | Noticed Maurice
  5279 | D:8      | Noticed a rime drake
  5281 | D:8      | Noticed a polar bear
  5289 | D:8      | Reached skill level 5 in Shields
  5290 | D:8      | Killed a rime drake
  5291 | D:8      | Killed Maurice
  5292 | D:8      | Reached skill level 8 in Stealth
  5292 | D:8      | Reached skill level 5 in Spellcasting
  5292 | D:8      | Reached XP level 10. HP: 43/68 MP: 14/17
  5335 | D:8      | Found a staircase to the Lair.
  5445 | D:8      | Reached skill level 9 in Stealth
  5491 | D:8      | Found the +18 Lear's hauberk
  5821 | D:8      | Noticed a cyclops
  5836 | D:8      | Killed a cyclops
  5898 | D:8      | Noticed a deep elf zephyrmancer
  5904 | D:8      | Killed a deep elf zephyrmancer
  6035 | Lair:1   | Entered Level 1 of the Lair of Beasts
  6179 | Lair:1   | Noticed a catoblepas
  6185 | Lair:1   | Noticed a cane toad
  6185 | Lair:1   | Noticed a cane toad
  6193 | Lair:1   | Killed a catoblepas
  6194 | Lair:1   | Reached skill level 10 in Stealth
  6194 | Lair:1   | Reached XP level 11. HP: 70/75 MP: 20/20
  6375 | Lair:1   | Lost mutation: Your gelatinous body deflects attacks. (AC
                  | +3, EV +3) [Jiyva's grace]
  6375 | Lair:1   | Lost mutation: Your pliable body absorbs attacks. (AC +2,
                  | EV +2) [Jiyva's grace]
  6375 | Lair:1   | Gained mutation: You are agile. (Dex +4, Str/Int -1)
                  | [Jiyva's grace]
  6375 | Lair:1   | Gained mutation: You are very agile. (Dex +8, Str/Int -2)
                  | [Jiyva's grace]
  6375 | Lair:1   | Gained mutation: You have a small jelly attached to you
                  | that senses nearby items. [Jiyva's grace]
  6375 | Lair:1   | Gained mutation: You have hidden genetic potential.
                  | [Jiyva's grace]
  6409 | Lair:1   | Identified the +7 arbalest of Lies {drain, Str+2 Int+5
                  | Stlth+}
  6763 | Lair:2   | Reached skill level 1 in Ranged Weapons
  6926 | Lair:2   | Reached ****** piety under Jiyva
  6927 | Lair:2   | Noticed a four-headed hydra
  6933 | Lair:2   | Killed a four-headed hydra
  6934 | Lair:2   | Reached skill level 11 in Stealth
  7064 | Lair:2   | Lost mutation: You are covered in slimy tendrils that may
                  | disarm your opponents. [potion of mutation]
  7064 | Lair:2   | Lost mutation: Your system is resistant to poisons. (rPois)
                  | [potion of mutation]
  7064 | Lair:2   | Lost mutation: You have a small jelly attached to you that
                  | senses nearby items. [potion of mutation]
  7064 | Lair:2   | Gained mutation: Your skin blends seamlessly with your
                  | surroundings (Stealth++). [potion of mutation]
  7064 | Lair:2   | Lost mutation: You have hidden genetic potential. [potion
                  | of mutation]
  7064 | Lair:2   | Gained mutation: You are robust. (+10% HP) [potion of
                  | mutation]
  7087 | Lair:2   | Noticed a six-headed hydra
  7096 | Lair:2   | Slain by a six-headed hydra

Illustrated notes

Levels and vault maps discovered:
D:1:      minmay_arrival_radiant_lines, layout_loops_cross,
          ebering_ecumenical_altar_abandoned
D:2:      layout_loops_ring, uniq_robin
D:3:      layout_loops_cross
D:4:      layout_basic, minmay_temple_entry_butterflies, portal_sewer_entry_c,
          gammafunk_ghost_mausoleum, serial_shops, shop_statue, uniq_pikel
D:5:      layout_basic, enter_ossuary_4, chequers_mini_garden
D:6:      nicolae_BIG_FREAKIN_CUBE, layout_gridville
D:7:      layout_loops_ring, makhleb_blood_cavern_becter, serial_shops, shop,
          dreamdust_gnoll_farm, uniq_crazy_yiuf_cottage
D:8:      layout_loops_cross, hellmonk_lair_entry_icy, minmay_misc_feat_rugged,
          guppyfry_early_elven_hall, uniq_maurice
Lair:1:   layout_gridlike
Lair:2:   layout_loops_ring, minmay_snake_entry_guardpost_medium,
          beast_lair_carwin_11, serial_bayou_shore_b

Skill      XL: |  1  2  3  4  5  6  7  8  9 10 11 |
---------------+----------------------------------+-----
Stealth        | 1 2 3 4 5 6 8 10 11 | 11.1
Shields        | 1 3 4 5 6 7 |  7.7
Maces & Flails | 1 3 4 |  4.4
Spellcasting   | 1 2 3 5 6 7 |  7.0
Fighting       | 3 4 5 6 7 8 |  8.2
Dodging        | 4 5 6 7 8 |  8.6
Ranged Weapons | 2 |  2.9
Short Blades   | |  3.2
Throwing       | |  2.0

Action                     |  1- 3 |  4- 6 |  7- 9 | 10-12 || total
---------------------------+-------+-------+-------+-------++-------
  Melee: Rapier            |    39 |       |       |    61 ||   100
         Constrict         |    15 |    34 |    49 |    25 ||   123
         Tentacles         |     8 |    33 |    59 |    64 ||   164
         Whip              |    17 |   125 |   228 |   108 ||   478
         Punch             |       |     4 |     7 |     5 ||    16
         Bite              |       |       |    12 |    39 ||    51
 Invoke: Oozemancy         |       |       |     2 |     4 ||     6
    Use: Scroll            |       |       |     3 |     4 ||     7
         Potion            |       |       |       |     4 ||     4
   Stab: Sleeping          |    12 |    16 |    19 |     6 ||    53
         Distracted        |       |       |       |     1 ||     1
         Petrified         |       |       |       |     3 ||     3
 Armour: Skin              |     3 |     9 |    16 |    10 ||    38
  Dodge: Dodged            |    24 |    71 |   123 |   134 ||   352
  Block: Buckler           |     6 |    25 |    36 |    56 ||   123

Table legend: (Time is in decaauts)
 A = Elapsed time spent in this place.
 B = Non-inter-level travel time spent in this place.
 C = Inter-level travel time spent in this place.
 D = Time resting spent in this place.
 E = Time spent auto-exploring this place.
 F = Levels seen in this place.
 G = Mean time per level.
                   A        B        C        D        E       F      G
               +--------+--------+--------+--------+--------+-----+--------+
         Total |   7107 |   6600 |    507 |     10 |   5039 |  12 |  592.2 |
       Dungeon |   5686 |   5196 |    490 |      3 |   4103 |   8 |  710.8 |
          Lair |   1069 |   1052 |     17 |      7 |    806 |   2 |  534.5 |
         Sewer |    209 |    209 |      0 |      0 |     81 |   1 |  209.0 |
       Ossuary |    142 |    142 |      0 |      0 |     49 |   1 |  142.0 |
               +--------+--------+--------+--------+--------+-----+--------+

Top non-repeatable levels by time:
     D:4: 1163 daAuts
     D:7: 835 daAuts
     D:8: 773 daAuts
     D:5: 752 daAuts
  Lair:1: 720 daAuts
     D:1: 696 daAuts
     D:3: 639 daAuts
     D:2: 585 daAuts
  Lair:2: 348 daAuts
     D:6: 240 daAuts
   Sewer: 209 daAuts
 Ossuary: 142 daAuts
